 Dungeon Crawl Stone Soup version 0.29.1-12-g30fa7ad0bf (webtiles) character file.

Game seed: 12371552109661849046

10629 croobank the Destroyer (level 11, 0/87 HPs)
             Began as a Demonspawn Conjurer on Dec 23, 2022.
             Was an Initiate of Gozag.
             Slain by a seven-headed hydra (9 damage)
             ... on level 11 of the Dungeon.
             The game lasted 00:41:42 (14229 turns).

croobank the Destroyer (Demonspawn Conjurer)       Turns: 14229, Time: 00:41:43

Health: 0/87       AC: 10    Str: 11    XL:     11   Next: 38%
Magic:  0/21       EV: 16    Int: 30    God:    Gozag
Gold:   573        SH:  0    Dex: 12    Spells: 12/23 levels left

rFire   . . .      SeeInvis .   L - +2 dagger (speed)
rCold   + . .      Faith    .   (no shield)
rNeg    + . .      Spirit   +   d - +2 robe {rN+}
rPois   .          Reflect  .   N - +0 helmet
rElec   .          Harm     .   o - +2 cloak
rCorr   .          Rampage  .   C - +0 pair of gloves
Will    .....                   H - +0 pair of boots
Stlth   +++.......              f - amulet of guardian spirit
HPRegen 0.24/turn               h - +4 ring of slaying
MPRegen 0.17/turn               I - ring of Faid {rC+ Str+4 Int+6}

@: no status effects
A: repulsion field 1, ignite blood 1, powered by pain 1, demonic touch 1
a: Renounce Religion, Potion Petition, Call Merchant, Bribe Branch


You were on level 11 of the Dungeon.
You worshipped Gozag.
Gozag was pleased with you.
You visited 2 branches of the dungeon, and saw 12 of its levels.

You collected 1739 gold pieces.
You spent 642 gold pieces at shops.
You paid 524 gold pieces to Gozag.

Inventory:

Hand Weapons
 a - a +3 short sword
 b - a +2 shortbow of flaming
 l - a +0 dagger of venom
 m - a +2 dagger of flaming
 y - a +4 scimitar of protection
 z - a +0 long sword of protection
 B - a +5 great sword
 E - a +0 quarterstaff
 F - a +0 sling
 J - a +0 broad axe
 L - a +2 dagger of speed (weapon)
Missiles
 q - a throwing net
 t - 4 atropa-tipped darts (quivered)
 w - 5 silver boomerangs
Armour
 d - a +2 robe of positive energy (worn)
 o - a +2 cloak (worn)
 C - a +0 pair of gloves (worn)
 H - a +0 pair of boots (worn)
 N - a +0 helmet (worn)
Jewellery
 f - an amulet of guardian spirit (around neck)
 h - a +4 ring of slaying (left hand)
 x - a ring of protection from cold
 I - the ring of Faid (right hand) {rC+ Str+4 Int+6}
   (You bought it in a shop on level 9 of the Dungeon)

   [ring of intelligence]

   Str:       It affects your strength (+4).
   Int:       It affects your intelligence (+6).
   rC:        It protects you from cold.
Wands
 v - a wand of roots (3)
 G - a wand of flame (6)
 O - a wand of polymorph (3)
Scrolls
 n - a scroll of summoning
 s - 4 scrolls of identify
 A - a scroll of teleportation
 K - a scroll of fear {unknown}
 M - 4 scrolls of amnesia
Potions
 c - a potion of haste
 e - 13 potions of curing
 g - 2 potions of ambrosia
 i - 2 potions of attraction
 j - 3 potions of might
 k - 4 potions of berserk rage {unknown}
 p - 2 potions of magic
 r - a potion of mutation {unknown}
 u - a potion of cancellation {unknown}
 D - a potion of flight {unknown}
 P - 2 potions of brilliance {unknown}


   Skills:
 + Level 8.3 Fighting
 + Level 6.9 Dodging
 + Level 7.4 Stealth
 + Level 6.8 Spellcasting
 + Level 8.3 Conjurations
 + Level 7.0 Hexes


You had 12 spell levels left.
You knew the following spells:

 Your Spells              Type           Power      Damage    Failure   Level
a - Magic Dart            Conj           100%       1d8       1%          1
b - Searing Ray           Conj           100%       2d8       1%          2
c - Slow                  Hex            100%       N/A       1%          1
d - Dazzling Flash        Conj/Hex       100%       N/A       1%          3
e - Iskenderun's Mystic   Conj/Tloc      35%        2d8       9%          4

Your spell library contained the following spells:

 Spells                   Type           Power      Damage    Failure   Level
 Confusing Touch          Hex            51%        N/A       1%          3
 Fulminant Prism          Conj/Hex       27%        3d14      1%          4
 Apportation              Tloc           20%        N/A       4%          1
 Necrotise                Necr           40%        1d6       4%          1
 Summon Small Mammal      Summ           40%        N/A       4%          1
 Vampiric Draining        Necr           10%        2d6       14%         3


Dungeon Overview and Level Annotations

Branches:
Dungeon (11/15)            Temple (1/1) D:6            Lair (0/5) D:8
    Orc (0/2) D:9

Altars:
Ashenzari
Cheibriados
Fedhas
Gozag
Hepliaklqana
Kikubaaqudgha
Makhleb
Nemelex Xobeh
Okawaru
Qazlal
Ru
Sif Muna
Trog
Uskayaw
Vehumet
Wu Jian
Yredelemnul
Jiyva

Shops:
D:4 *   D:9 =

Annotations:
D:4 Sigmund
D:8 2 transporters


Innate Abilities, Weirdness & Mutations

You are surrounded by a mild repulsion field. (EV +2)
Your demonic aura sometimes causes spilled blood to erupt in flames.
You sometimes gain a little power by taking damage.
Your touch may inflict minor irresistible damage on your foes.


Message History

Casting: Dazzling Flash (safe; 1% risk of failure)
Confirm with . or Enter, or press ? or * to list all spells.
Aiming: Searing Ray (safe; 1% risk of failure)
Press: ? - help, Shift-Dir - straight line, f - seven-headed hydra
Aim: a seven-headed hydra (lightly wounded, 94% to hit)
The searing ray hits the seven-headed hydra!
The seven-headed hydra is moderately wounded. (Press . to maintain the ray.)
The seven-headed hydra misses you.
The seven-headed hydra bites you but does no damage.
The seven-headed hydra bites you. The seven-headed hydra bites you!
The seven-headed hydra bites you but does no damage.
The seven-headed hydra bites you. The seven-headed hydra bites you!
The searing ray hits the seven-headed hydra!
The seven-headed hydra is moderately wounded.
The seven-headed hydra closely misses you.
The seven-headed hydra completely misses you.
The seven-headed hydra closely misses you.
The seven-headed hydra barely misses you.
The seven-headed hydra bites you! x2; The seven-headed hydra misses you.
The searing ray hits the seven-headed hydra.
The seven-headed hydra is heavily wounded.
The seven-headed hydra bites you but does no damage. x2
The seven-headed hydra bites you.
The seven-headed hydra bites you but does no damage. x2
The seven-headed hydra bites you!
* * * LOW HITPOINT WARNING * * *
The seven-headed hydra bites you.
* * * LOW HITPOINT WARNING * * *
The searing ray hits the seven-headed hydra.
The seven-headed hydra is heavily wounded.
You finish channelling your searing ray.
The seven-headed hydra barely misses you.
The seven-headed hydra bites you!
* * * LOW HITPOINT WARNING * * *
The seven-headed hydra bites you.
* * * LOW HITPOINT WARNING * * *
The seven-headed hydra bites you!
You die...
Your body crumbles into a pile of gold.

.............. #...
############.... . #...
# #.. .. #... # ## #..
....... #... .. #..
........ #... ###.#..
........###... #......
..............
#......####.#.######....
#.....D@.##.#...........
#.....##$.#.#####....###
..... ##.......).......
#.#' ####...##....##.
... ......>###....##. ..
##########....### .
#....).......
#.####....### #.# #....#


You could see a seven-headed hydra.

Vanquished Creatures
  3 two-headed ogres
  2 ugly things (D:11)
  2 komodo dragons (D:11)
  3 trolls
  A hornet (D:9)
  A shadow (D:9)
  13 yaks
  3 wyverns (D:8)
  2 vampire mosquitoes (D:8)
  An acid dragon (D:9)
  5 water moccasins
  An orc warrior (D:10)
  3 ice beasts
  2 sky beasts (D:6)
  A black bear (D:5)
  4 centaurs
  2 ogres
  A phantom (D:9)
  2 kobold brigands
  6 bullfrogs
  2 gnoll sergeants
  2 scorpions
  5 wights (D:7)
  2 troll zombies (D:9)
  3 killer bees (D:6)
  2 vampire bats (D:6)
  4 howler monkeys
  2 hounds (D:5)
  A jelly (D:8)
  2 orc priests
  A gnoll bouda (D:6)
  Jessica (D:3)
  4 iguanas
  4 orc wizards
  6 ogre zombies (D:9)
  18 gnolls
  7 adders
  2 ufetubi
  2 worms
  A dart slug (D:2)
  6 orcs
  7 bats
  An endoplasm (D:1)
  2 giant cockroaches
  4 goblins
  4 hobgoblins
  8 kobolds
  4 quokkas
  3 ball pythons
  4 frilled lizards
  2 goblin skeletons (D:9)
  3 goblin zombies (D:9)
  2 hobgoblin zombies (D:9)
  2 orc skeletons (D:9)
  15 orc zombies (D:9)
  4 rats
200 creatures vanquished.

Vanquished Creatures (others)
  A bush (D:8)
  8 fungi
  15 plants (D:8)
24 creatures vanquished.

Grand Total: 224 creatures vanquished

Notes
Turn   | Place    | Note
-------+----------+-------------------------------------------
     0 | D:1      | croobank the Demonspawn Conjurer began the quest for the
                  | Orb.
     0 | D:1      | Reached XP level 1. HP: 13/13 MP: 3/3
   861 | D:1      | Gained mutation: You sometimes gain a little power by
                  | taking damage. [demonic ancestry]
   861 | D:1      | Reached XP level 2. HP: 19/19 MP: 5/5
   864 | D:1      | Learned a level 2 spell: Searing Ray
  1243 | D:2      | Learned a level 1 spell: Slow
  1620 | D:2      | Reached XP level 3. HP: 24/24 MP: 6/6
  1896 | D:3      | Noticed Jessica
  1905 | D:3      | Killed Jessica
  2067 | D:3      | Reached skill level 1 in Hexes
  2067 | D:3      | Reached XP level 4. HP: 31/31 MP: 3/7
  2283 | D:3      | Found a faded altar of an unknown god.
  2541 | D:4      | Learned a level 3 spell: Dazzling Flash
  2568 | D:4      | Reached skill level 1 in Fighting
  2617 | D:4      | Found Cif Ecw's Serpentskin Sales.
  2617 | D:4      | Noticed a water moccasin
  2627 | D:4      | Killed a water moccasin
  2628 | D:4      | Reached XP level 5. HP: 25/38 MP: 1/9
  2753 | D:4      | Noticed Sigmund
  2757 | D:5      | Entered Level 5 of the Dungeon
  3053 | D:5      | Reached XP level 6. HP: 43/44 MP: 4/10
  3274 | D:5      | Found an ornate altar of the Wu Jian Council.
  3931 | D:5      | Reached skill level 5 in Conjurations
  3931 | D:5      | Reached XP level 7. HP: 31/52 MP: 7/11
  4579 | D:6      | Gained mutation: You are surrounded by a mild repulsion
                  | field. (EV +2) [demonic ancestry]
  4579 | D:6      | Reached XP level 8. HP: 60/60 MP: 4/13
  4796 | D:6      | Found a staircase to the Ecumenical Temple.
  4878 | Temple   | Entered the Ecumenical Temple
  4886 | Temple   | Became a worshipper of Gozag Ym Sagoz the Greedy
  5225 | D:6      | Identified the +8 scimitar of a bazaar {vorpal, rC+}
  5260 | D:6      | Reached skill level 5 in Fighting
  5363 | D:6      | Found a hide-covered altar of Uskayaw.
  6272 | D:7      | Found a basalt altar of Yredelemnul.
  6527 | D:7      | Gained mutation: Your touch may inflict minor irresistible
                  | damage on your foes. [demonic ancestry]
  6527 | D:7      | Reached XP level 9. HP: 28/69 MP: 0/15
  7281 | D:7      | Reached skill level 5 in Stealth
  7986 | D:8      | Found a broken altar of Ashenzari.
  8211 | D:8      | Reached skill level 5 in Spellcasting
  8214 | D:8      | Reached skill level 5 in Dodging
  8249 | D:8      | Reached skill level 5 in Hexes
  8518 | D:8      | Found a staircase to the Lair.
  8536 | D:8      | Gained mutation: Your demonic aura sometimes causes spilled
                  | blood to erupt in flames. [demonic ancestry]
  8536 | D:8      | Reached XP level 10. HP: 41/77 MP: 2/18
  8848 | D:8      | Found a bloodstained altar of Trog.
  9021 | D:8      | Found a viscous altar of Jiyva.
  9021 | D:8      | Noticed a glowing orange brain
  9107 | D:8      | Noticed a two-headed ogre
  9117 | D:8      | HP: 3/79 [two-headed ogre/+0 giant club (26)]
  9119 | D:8      | Killed a two-headed ogre
  9490 | D:8      | Found a sparkling altar of Nemelex Xobeh.
  9606 | D:8      | Found a transporter.
  9638 | D:8      | Found a transporter.
  9879 | D:9      | Found a staircase to the Orcish Mines.
 10368 | D:9      | Found Eriwkoh's One-of-a-Kind Rings.
 10374 | D:9      | Bought the ring of Faid {rC+ Str+4 Int+6} for 642 gold
                  | pieces
 10408 | D:10     | Entered Level 10 of the Dungeon
 11116 | D:10     | Found a burning altar of Makhleb.
 11208 | D:10     | Noticed a two-headed ogre
 11220 | D:10     | Killed a two-headed ogre
 11339 | D:10     | Found an ancient bone altar of Kikubaaqudgha.
 11409 | D:10     | Found a radiant altar of Vehumet.
 11416 | D:10     | Noticed a two-headed ogre
 11449 | D:10     | Killed a two-headed ogre
 11450 | D:10     | Reached XP level 11. HP: 60/86 MP: 14/20
 11817 | D:10     | Learned a level 4 spell: Iskenderun's Mystic Blast
 12677 | D:11     | Noticed a purple ugly thing
 12693 | D:11     | Killed a purple ugly thing
 13429 | D:11     | Noticed a cyan ugly thing
 13441 | D:11     | Killed a cyan ugly thing
 14218 | D:11     | Noticed a seven-headed hydra
 14229 | D:11     | Slain by a seven-headed hydra

Illustrated notes

Levels and vault maps discovered:
D:1:      minmay_arrival_widening_spiral_wide, layout_basic, minmay_pentomino_o4
D:2:      layout_loops_ring, minmay_quantized
D:3:      layout_rooms, shapermc_ecumenical_altar_ellora, uniq_jessica
D:4:      layout_rooms, xom_redecorated, nicolae_tso_carved_into_rock,
          nicolae_dithmenos_the_darkroom, serial_undead, serial_undead_e,
          serial_undead_b, serial_undead_d, serial_undead_b, serial_shops,
          kennysheep_little_box, chequers_garden, guppyfry_shop_venom,
          uniq_sigmund
D:5:      layout_loops_ring, mainiacjoe_overflow_catwalk
D:6:      layout_basic, mainiacjoe_overflow_concentric_impassable,
          minmay_temple_entry_arrows, chequers_arboretum,
          hangedman_abyss_or_decor_lesser_grid, minmay_misc_feat_columns,
          roderic_batcave
D:7:      layout_cave_pools, old_standard_altar, minivault_11,
          nicolae_figureground_sparkle
D:8:      gammafunk_jiyva_shrine, layout_loops_corners, bloody_trog,
          mainiacjoe_overflow_surrounded_room, nicolae_ashenzari_skybound,
          minmay_lair_entry_grove, blue_anna_alchemist
D:9:      layout_rooms, elyvilon_altar_3, zombieorc2_lemuel,
          nicolae_shop_unique_rings
D:10:     layout_layer_cave, mainiacjoe_overflow_catch_the_wave,
          lemuel_doored_altar
D:11:     layout_basic, nicolae_trove_entry_crystal, mrwooster_statue_mirror
Temple:   hellmonk_temple_rainy

Skill      XL: |  1  2  3  4  5  6  7  8  9 10 11 |
---------------+----------------------------------+-----
Stealth        | 2 3 4 5 6 7 |  7.4
Dodging        | 2 3 4 5 6 |  6.9
Hexes          | 1 2 3 4 5 6 7 |  7.0
Fighting       | 1 2 3 4 5 6 7 8 |  8.3
Spellcasting   | 3 4 5 6 |  6.8
Conjurations   | 5 6 7 8 |  8.3

Action                   |  1- 3 |  4- 6 |  7- 9 | 10-12 || total
-------------------------+-------+-------+-------+-------++-------
Melee: Dagger            |    29 |    23 |     5 |     3 ||    60
       Punch             |     1 |       |     3 |     2 ||     6
       Short sword       |       |       |    36 |   126 ||   162
       Touch             |       |       |     5 |    33 ||    38
       Scimitar          |       |       |       |    17 ||    17
 Fire: Shortbow          |       |       |       |     6 ||     6
Throw: Dart              |       |       |       |     5 ||     5
       Throwing net      |       |       |       |     1 ||     1
 Cast: Magic Dart        |    14 |    24 |    58 |    35 ||   131
       Searing Ray       |     7 |    13 |    61 |    38 ||   119
       Dazzling Flash    |       |     2 |       |    10 ||    12
       Slow              |       |     1 |       |     7 ||     8
       Iskenderun's Myst |       |       |       |     3 ||     3
Invok: Potion Petition   |       |       |       |     1 ||     1
Evoke: Wand              |       |       |       |     2 ||     2
  Use: Scroll            |     6 |     9 |     2 |     3 ||    20
       Potion            |     1 |       |     1 |     1 ||     3
 Stab: Sleeping          |     4 |     3 |     1 |     4 ||    12
       Invisible         |       |     1 |       |     2 ||     3
       Distracted        |       |       |       |     1 ||     1
       Held in net/web   |       |       |       |     1 ||     1
Armor: Robe              |     6 |    35 |    51 |    57 ||   149
Dodge: Dodged            |    19 |    42 |   114 |   162 ||   337
